 Dungeon Crawl Stone Soup version 0.25-a0-834-g55863b0b92 (webtiles) character file.

Game seed: 5385409485141320008, levelgen mode: deterministic

651 kae the Conjurer (level 7, -2/36 HPs)
             Began as a Tengu Air Elementalist on Apr 22, 2020.
             Was an Initiate of Vehumet.
             Killed from afar by Dowan (12 damage)
             ... with a puff of flame
             ... on level 5 of the Dungeon.
             The game lasted 00:04:22 (5284 turns).

kae the Conjurer (Tengu Air Elementalist)           Turns: 5284, Time: 00:04:23

Health: -2/36      AC:  6    Str:  8    XL:     7   Next: 53%
Magic:  0/14       EV: 15    Int: 17    God:    Vehumet [......]
Gold:   174        SH:  0    Dex: 15    Spells: 6/14 levels left

rFire    . . .     SeeInvis .   o - staff of wizardry
rCold    . . .     Gourm    .   (no shield)
rNeg     . . .     Faith    .   a - +1 robe
rPois    .         Spirit   .   (helmet restricted)
rElec    .         Reflect  .   (no cloak)
rCorr    .         Harm     .   m - +2 pair of gloves
MR       .....                  (boots unavailable)
Stlth    ++........             (no amulet)
HPRegen  0.12/turn              (no ring)
MPRegen  0.14/turn              (no ring)

@: mighty, lethally poisoned (-2 -> -9), flying quickly and evasively, quick
A: beak, talons 3, able to fly
a: Stop Flying, Renounce Religion


You were on level 5 of the Dungeon.
You worshipped Vehumet.
Vehumet was noncommittal.
You were not hungry.

You visited 2 branches of the dungeon, and saw 6 of its levels.

You collected 174 gold pieces.

Inventory:

Hand Weapons
 k - a +1 halberd of freezing
Armour
 a - a +1 robe (worn)
 m - a +2 pair of gloves (worn)
Magical Staves
 o - an uncursed staff of wizardry (weapon)
Wands
 d - a wand of iceblast (6)
 r - a wand of clouds (3)
Scrolls
 e - 3 scrolls of remove curse
 f - 3 scrolls of identify
 p - a scroll of teleportation
Potions
 b - a potion of heal wounds
 g - 3 potions of stabbing
 h - a potion of mutation {unknown}
 i - a potion of ambrosia
 j - 2 potions of flight
 l - a potion of resistance {unknown}
 q - a potion of magic {unknown}
 s - a potion of curing {unknown}
Comestibles
 c - 9 rations


   Skills:
 - Level 2.1 Dodging
 - Level 2.0 Stealth
 + Level 4.1 Spellcasting
 * Level 7.4 Conjurations
 + Level 6.5 Air Magic


You had 6 spell levels left.
You knew the following spells:

 Your Spells              Type           Power        Failure   Level  Hunger
a - Shock                 Conj/Air       ####         1%          1    None
b - Static Discharge      Conj/Air       ####....     1%          3    ###....
c - Airstrike             Air            ####......   4%          4    ####...

Your spell library contained the following spells:

 Spells                   Type           Power        Failure   Level  Hunger
 Swiftness                Chrm/Air       ##......     2%          2    ##.....
 Animate Skeleton         Necr           N/A          6%          1    None
 Apportation              Tloc           #.....       6%          1    None
 Corona                   Hex            #......      6%          1    None
 Summon Small Mammal      Summ           #...         6%          1    None
 Lightning Bolt           Conj/Air       ####......   10%         5    ######.


Dungeon Overview and Level Annotations

Branches:
Dungeon (5/15)             Temple (1/1) D:4

Altars:
Ashenzari
Cheibriados
Fedhas
Gozag
Hepliaklqana
Kikubaaqudgha
Makhleb
Okawaru
Ru
Trog
Uskayaw
Vehumet
Wu Jian
Xom
Zin
The Shining One

Shops:
D:5 %

Annotations:
D:4 exclusion: phantom
D:5 Dowan


Innate Abilities, Weirdness & Mutations

You have a beak for a mouth.
You have claws for feet.
You can fly continuously.


Message History

There is an open door here.
Things that are here:
a +0 short sword; a +0 chain mail; the elf corpse of Duvessa
Casting: Shock (safe; 1% risk of failure)
Confirm with . or Enter, or press ? or * to list all spells.
Aiming: Shock (safe; 1% risk of failure)
Press: ? - help, Shift-Dir - straight line, f/p - Dowan
Aim: Dowan, wielding a +1 dagger of venom, wearing a +0 robe and carrying a wand of flame (16) (heavily wounded, fast)
The zap hits Dowan.
Dowan is almost dead.
You feel sick.
Dowan zaps a wand.
The puff of flame hits you!
Dowan zaps a wand.
The puff of flame misses you.
Casting: Shock (safe; 1% risk of failure)
Confirm with . or Enter, or press ? or * to list all spells.
Aiming: Shock (safe; 1% risk of failure)
Press: ? - help, Shift-Dir - straight line, f/p - Dowan
Aim: Dowan, wielding a +1 dagger of venom, wearing a +0 robe and carrying a wand of flame (14) (almost dead, fast)
The zap misses Dowan.
You feel sick.
Dowan zaps a wand.
The puff of flame hits you!
You die...

####....#.###.##.......#.#.#.#
#....#.###.##.......#.#+#'##
####.#......#...............
###+#####.......##.........
...........####.##.........
...........# #.........
...........# ..........
###.....##.# ##........
#.....##@# .....#####
#.....#........####.
#.....#........# #.
#.....#.....e..#
#.....+........#
#.....#........#
#.....#........# #......<.#


You could see Dowan.

Vanquished Creatures
  Duvessa (D:5)
  An ogre (D:5)
  A scorpion (D:5)
  A howler monkey (D:4)
  A crimson imp (D:5)
  An orc priest (D:3)
  An iguana (D:4)
  Ijyb (D:3)
  2 worker ants (D:4)
  6 gnolls
  6 adders (D:3)
  2 oozes
  An adder zombie (D:5)
  4 worms
  A dart slug (D:1)
  A leopard gecko (D:5)
  8 orcs
  2 giant cockroaches
  9 goblins
  8 hobgoblins
  4 jackals (D:3)
  A quokka (D:2)
  A ball python (D:2)
  8 bats
  3 frilled lizards
  9 kobolds
  A leopard gecko zombie (D:5)
  3 rats (D:1)
88 creatures vanquished.

Notes
Turn   | Place    | Note
-------+----------+-------------------------------------------
     0 | D:1      | kae the Tengu Air Elementalist began the quest for the Orb.
     0 | D:1      | Reached XP level 1. HP: 10/10 MP: 4/4
   116 | D:1      | Reached skill level 2 in Conjurations
   120 | D:1      | Reached XP level 2. HP: 15/15 MP: 3/6
   726 | D:2      | Reached XP level 3. HP: 19/19 MP: 3/7
   735 | D:2      | Reached skill level 3 in Conjurations
   748 | D:2      | Found a burning altar of Makhleb.
  1123 | D:2      | Reached XP level 4. HP: 24/24 MP: 4/8
  1241 | D:2      | Found a shimmering altar of Xom.
  1405 | D:2      | Reached skill level 4 in Conjurations
  1765 | D:3      | Noticed Ijyb
  1794 | D:3      | Killed Ijyb
  1801 | D:3      | Reached skill level 5 in Air Magic
  1801 | D:3      | Gained mutation: You can fly continuously. [Tengu growth]
  1801 | D:3      | Reached XP level 5. HP: 18/28 MP: 5/10
  2638 | D:3      | Reached skill level 5 in Conjurations
  2643 | D:3      | Learned a level 3 spell: Static Discharge
  2648 | D:3      | Learned a level 4 spell: Airstrike
  3141 | D:3      | Reached XP level 6. HP: 26/32 MP: 3/11
  3302 | D:3      | Found an iron altar of Okawaru.
  3708 | D:4      | Reached skill level 6 in Conjurations
  3823 | D:4      | Noticed a phantom
  4072 | D:4      | Found a staircase to the Ecumenical Temple.
  4641 | Temple   | Entered the Ecumenical Temple
  4706 | Temple   | Became a worshipper of Vehumet
  4727 | D:5      | Entered Level 5 of the Dungeon
  4907 | D:5      | Reached XP level 7. HP: 36/36 MP: 7/13
  4976 | D:5      | Found Gugarus's Food Shoppe.
  5089 | D:5      | Reached skill level 7 in Conjurations
  5258 | D:5      | Noticed Duvessa
  5258 | D:5      | Noticed Dowan
  5281 | D:5      | Killed Duvessa
  5284 | D:5      | Killed from afar by Dowan

Levels and vault maps discovered:
D:1:      minmay_arrival_stone_box, layout_basic,
          chequers_serial_rivers_micro_a, serial_bayou_pond_b
D:2:      layout_rooms, old_standard_altar, lemuel_coloured_pillars_altar,
          minmay_statues_item, kennysheep_cross_room, minmay_misc_feat_alley
D:3:      layout_basic, kennysheep_okawaru_gauntlet, first_ration, uniq_ijyb
D:4:      layout_loops_ring, minmay_temple_entry_enclosed_plants,
          minmay_parallelograms, kennysheep_generic_room_15
D:5:      layout_basic, kennysheep_mini, serial_shops, kennysheep_little_box,
          uniq_pikel, uniq_duvessa
Temple:   cyrus_circular_temple

Skill      XL: |  1  2  3  4  5  6  7 |
---------------+----------------------+-----
Conjurations   | 2 3 4 5 6 7 |  7.4
Air Magic      | 5 6 |  6.5
Spellcasting   | 3 4 |  4.1
Dodging        | |  2.1
Stealth        | |  2.0

Action                   |  1- 3 |  4- 6 |  7- 9 || total
-------------------------+-------+-------+-------++-------
Melee: Unarmed           |    16 |       |       ||    16
       Kick              |     6 |    14 |     3 ||    23
       Peck              |     3 |     9 |     2 ||    14
       Halberd           |       |    68 |       ||    68
       Staff             |       |    12 |    13 ||    25
 Cast: Shock             |    51 |   107 |     6 ||   164
       Static Discharge  |       |       |     6 ||     6
 Abil: Fly               |       |     1 |       ||     1
Evoke: Wand              |       |     2 |       ||     2
  Use: Scroll            |       |    12 |       ||    12
       Potion            |       |     1 |     3 ||     4
 Stab: Sleeping          |       |     5 |       ||     5
  Eat: Chunk             |     1 |    11 |     2 ||    14
Armor: Robe              |     3 |    24 |     5 ||    32
       Skin              |       |    24 |       ||    24
Dodge: Dodged            |    19 |    74 |    23 ||   116

Table legend:
 A = Non-vault XP
 B = Vault XP
 C = Vault XP percentage of total XP
 D = Non-vault monster count
 E = Vault monster count
 F = Vault count percentage of total count
                 A         B        C        D         E       F
            +---------+---------+-------+---------+---------+-------
      Total |     715 |     216 |  23.2 |      83 |       5 |   5.7
            +---------+---------+-------+---------+---------+-------
        D:1 |      32 |       0 |   0.0 |      16 |       0 |   0.0
        D:2 |      84 |       0 |   0.0 |      24 |       0 |   0.0
        D:3 |     226 |      40 |  15.0 |      32 |       3 |   8.6
        D:4 |     128 |      34 |  21.0 |       4 |       1 |  20.0
        D:5 |     245 |     142 |  36.7 |       7 |       1 |  12.5
            +---------+---------+-------+---------+---------+-------
